[Event "Late-Titled-Tuesday-Blitz-April-23-2024"]
[Site "Chess.com"]
[Date "2024.04.23"]
[Round "10"]
[White "Orest_Vovk"]
[Black "MaxLeto"]
[Result "0-1"]
[WhiteElo "2548"]
[BlackElo "2434"]
[TimeControl "180+1"]
[EndTime "15:57:56 PDT"]
[Termination "MaxLeto won by resignation"]

1. g4 d5 2. h3 c6 3. Bg2 e5 4. d4 e4 5. c4 Bd6 6. Nc3 Ne7 7. Qb3 O-O 8. Bg5 dxc4 9. Qc2 f6 10. Bxe4 fxg5 11. Bxh7+ Kf7 12. Nf3 Ke8 13. Nxg5 Kd7 14. d5 Nxd5 15. Nce4 Bb4+ 16. Kd1 Kc7 17. Kc1 b5 18. Rd1 Qe7 19. a4 Bb7 20. Bf5 Nd7 21. Ne6+ Kb6 22. Nc3 a6 23. a5+ Ka7 24. Rxd5 cxd5 25.
Nxd5 Bxd5 26. Nxf8 Rxf8 27. e4 Bb7 28. Qd1 Nc5 29. Kc2 Nd3 30. Qf3 Rd8 31. Rd1 Ne5 32. Qe2 Rxd1 33. Qxd1 Bxa5 34. f4 Nd3 35. e5 Nb4+ 36.
Kb1 Bb6 37. e6 Nd5 38. Qe2 Nxf4 39. Qe5 Nd3 40. Qe2 Bd4 41. Qe5 Bxe5 42. Be4 Bxe4 0-1

[Event "Late-Titled-Tuesday-Blitz-April-23-2024"]
[Site "Chess.com"]
[Date "2024.04.23"]
[Round "10"]
[White "A4RookA3"]
[Black "ricaurtelopezj1955"]
[Result "1-0"]
[WhiteElo "2353"]
[BlackElo "2178"]
[TimeControl "180+1"]
[EndTime "15:57:57 PDT"]
[Termination "A4RookA3 won on time"]

1. d4 d5 2. Nc3 e6 3. e4 dxe4 4. Nxe4 Bd7 5. Nf3 Bc6 6. Bd3 Nd7 7. O-O Ngf6 8. Neg5 Bd6 9. Nxf7 Kxf7 10. Ng5+ Kg8 11. Nxe6 Qe7 12. Re1 Re8 13. c4 Bb4 14. Bd2 Bxd2 15.
Qxd2 Qd6 16. d5 Ne5 17. Bf1 Bd7 18. Qg5 Ng6 19. Rad1 Bxe6 20. dxe6 Qf4 21. Qc5 b6 22. Qc6 Ne5 23. Qb7 Rxe6 24. Rd8+ Kf7 25. Rxh8 Nf3+ 26.
gxf3 Rxe1 27. h4 Qxh4 28. Qxc7+ Kg6 29. Qg3+ Qxg3+ 30. fxg3 Rb1 31. Ra8 Rxb2 32. Rxa7 h5 33. Ra6 Kg5 34. a4 h4 35. gxh4+ Kxh4 36. a5 bxa5 37.
Rxa5 g5 38. c5 Rc2 39. Ra4+ Kg3 40. Rc4 Rxc4 41. Bxc4 Kxf3 42. Bf7 1-0

[Event "Late-Titled-Tuesday-Blitz-April-23-2024"]
[Site "Chess.com"]
[Date "2024.04.23"]
[Round "10"]
[White "Abund"]
[Black "GelmanAlexander"]
[Result "1-0"]
[WhiteElo "2769"]
[BlackElo "2639"]
[TimeControl "180+1"]
[EndTime "15:57:58 PDT"]
[Termination "Abund won on time"]

1. e4 c5 2. Nf3 e6 3. c3 d5 4. e5 Nc6 5. g3 Bd7 6. Bg2 Qc7 7. Qe2 Nge7 8. O-O Nf5 9. d3 h5 10. h4 Be7 11. Bf4 O-O-O 12. Nbd2 Kb8 13. a3 Ka8 14. b4 a6 15. Rfc1 Na7 16. bxc5 Bxc5 17.
d4 Be7 18. c4 Rc8 19. Qd1 dxc4 20. Nxc4 Bc6 21. Rab1 Kb8 22. d5 Bxd5 23. Nd6 Qa5 24.
Nxc8 Rxc8 25. Rxc8+ Nxc8 26. a4 Nb6 27. Ng5 Bxg5 28. hxg5 Bxg2 29. Kxg2 Qd5+ 30. Qxd5 Nxd5 31. a5 Kc7 32. Rc1+ Kd7 33. Bd2 g6 34. Kf3 Nd4+ 35.
Ke4 Nb3 36. Rc2 Ne7 37. Rb2 Nc5+ 38. Kd4 Kc6 39. Rb6+ Kc7 40. Kxc5 1-0

[Event "Late-Titled-Tuesday-Blitz-April-23-2024"]
[Site "Chess.com"]
[Date "2024.04.23"]
[Round "10"]
[White "GMKrikor"]
[Black "LikeWater"]
[Result "1-0"]
[WhiteElo "2879"]
[BlackElo "2661"]
[TimeControl "180+1"]
[EndTime "15:58:02 PDT"]
[Termination "GMKrikor won on time"]

1. Nf3 Nf6 2. c4 g6 3. Nc3 Bg7 4. e4 O-O 5. d4 d6 6. h3 a5 7.
Bd3 Nc6 8. d5 Nb4 9. Bb1 c6 10.
O-O Nd7 11. Re1 Nc5 12. a3 Nba6 13. Bc2 e6 14. Rb1 Bxc3 15. bxc3 e5 16. Bh6 Re8 17. Qd2 Qe7 18. Red1 Rd8 19. Be3 a4 20. Nh2 f6 21.
Nf1 Qf7 22. Ng3 f5 23. exf5 Bxf5 24. Nxf5 gxf5 25. f4 e4 26. Bd4 h5 27. Qe3 Kh7 28. Kh2 Rg8 29. g3 h4 30. gxh4 Qh5 31.
Rg1 Qxh4 32. Rbf1 Raf8 33. Rg5 Rxg5 34. fxg5 Kg6 35. Bf6 Rf7 36. dxc6 bxc6 37. Qd4 Rh7 38. Qe3 Ne6 39. Rxf5 Kxf5 40. Qf3+ 1-0

[Event "Late-Titled-Tuesday-Blitz-April-23-2024"]
[Site "Chess.com"]
[Date "2024.04.23"]
[Round "10"]
[White "karinachess1"]
[Black "sassassasss"]
[Result "1-0"]
[WhiteElo "2586"]
[BlackElo "2436"]
[TimeControl "180+1"]
[EndTime "15:58:02 PDT"]
[Termination "karinachess1 won by resignation"]

1. d4 Nc6 2. d5 Ne5 3. e4 Ng6 4. Nf3 e5 5. h4 h5 6. Be2 Bc5 7. Bg5 f6 8. Bd2 Nh6 9. Bxh6 Rxh6 10. Nc3 Nf4 11. g3 Nxe2 12. Qxe2 d6 13. Nd2 Bg4 14. f3 Bd7 15. Nb3 Bb6 16. O-O-O a6 17. g4 Qe7 18. Qg2 hxg4 19. fxg4 O-O-O 20. h5 Rdh8 21. Nd2 Qe8 22. Rhf1 Kb8 23. Nc4 Bc5 24. a3 Qc8 25. g5 Rxh5 26. gxf6 gxf6 27. Rxf6 Bd4 28. Ne2 Rh2 29. Qf1 Bg4 30. Nxd4 Bxd1 31. Ne6 Bxc2 32.
Qf5 Bb3 33. Ne3 Rh1+ 34. Kd2 a5 35. Kc3 a4 36. Rf7 Rc1+ 37. Kd2 Rhh1 38. Rf8 Rcd1+ 39. Nxd1 Rxd1+ 40. Ke2 b6 41. Rxc8+ Kxc8 42. Nd4+ Kb7 43. Nxb3 axb3 44. Kxd1 b5 45. Qd7 Kb6 46. Qc6+ 1-0

[Event "Late-Titled-Tuesday-Blitz-April-23-2024"]
[Site "Chess.com"]
[Date "2024.04.23"]
[Round "10"]
[White "martinmena"]
[Black "IngOscarArdila"]
[Result "0-1"]
[WhiteElo "2156"]
[BlackElo "2269"]
[TimeControl "180+1"]
[EndTime "15:58:03 PDT"]
[Termination "IngOscarArdila won by checkmate"]

1. c4 Nf6 2. g3 e6 3. Bg2 Be7 4.
Nf3 O-O 5. O-O d6 6. d4 Nbd7 7. Nc3 c6 8. e4 e5 9. d5 cxd5 10. cxd5 Nc5 11. Qc2 a5 12. Nd2 Bd7 13. a4 Rc8 14. b3 b5 15. axb5 Qb6 16. Nc4 Qb8 17. Rxa5 Bd8 18. Ra2 Be7 19. b6 Bd8 20. Be3 Bxb6 21.
Nxb6 Qxb6 22. Na4 Bxa4 23. bxa4 Qa5 24. Bxc5 Rxc5 25. Qd3 Rfc8 26. h3 Rc4 27. Rfa1 R8c5 28. Rb1 h6 29. Qb3 Kh7 30. Qb6 Rc1+ 31. Kh2 Qe1 32.
Rxc1 Rxc1 33. f3 Nh5 34. Qf2 Qa5 35. g4 Nf4 36. Qd2 Qc5 37. Qf2 Qc4 38. Qd2 h5 39. a5 hxg4 40. hxg4 Qc5 41. a6 Qg1+ 42. Kg3 Ng6 43. a7 Rd1 44. a8=Q Rxd2 45. Rxd2 Qe3 46.
Qa2 Qf4+ 47. Kf2 Qh2 48. Qc2 Nf4 49. Kf1 Qg3 50. Rf2 g6 51. Qd2 Kg7 52. Qe3 Qh4 53. Ke1 Qd8 54. Kd2 Qa5+ 55. Qc3 Qa2+ 56. Qc2 Qa5+ 57.
Kd1 Qb6 58. Rd2 Qg1+ 59. Bf1 Qxf1# 0-1

[Event "Late-Titled-Tuesday-Blitz-April-23-2024"]
[Site "Chess.com"]
[Date "2024.04.23"]
[Round "10"]
[White "Fandorine"]
[Black "Aygehovit1992"]
[Result "0-1"]
[WhiteElo "2916"]
[BlackElo "2739"]
[TimeControl "180+1"]
[EndTime "15:58:04 PDT"]
[Termination "Aygehovit1992 won on time"]

1. d4 Nf6 2. c4 g6 3. Nc3 Bg7 4. e4 d6 5. Be2 O-O 6. Nf3 Na6 7.
O-O e5 8. Re1 Bg4 9. Be3 Re8 10.
d5 Nh5 11. g3 Nf6 12. a3 Nc5 13. Qc2 a5 14. b4 axb4 15. axb4 Rxa1 16. Rxa1 Ncxe4 17.
Nxe4 Nxe4 18. Qxe4 f5 19. Qb1 e4 20. Nd4 Bxd4 21.
Bxd4 Bxe2 22. Qb3 Qg5 23. Bb2 Qd2 24. c5 e3 25. Qc3 Qxc3 26. Bxc3 Bf3 27. cxd6 cxd6 28.
fxe3 Rxe3 29. Bf6 Bxd5 30. Rd1 Re6 31. Bg5 Bc6 32. Kf2 Kf7 33. Be3 Re4 34. Rd4 Rxd4 35.
Bxd4 Ke6 36. Ke3 Kd5 37. Bc3 Kc4 38. Be1 d5 39. h4 d4+ 40. Kf4 Kd3 41. Bf2 Kc3 42.
Be1+ Kc2 43. h5 d3 0-1

[Event "Late-Titled-Tuesday-Blitz-April-23-2024"]
[Site "Chess.com"]
[Date "2024.04.23"]
[Round "10"]
[White "KNVB"]
[Black "Binary010"]
[Result "1-0"]
[WhiteElo "2713"]
[BlackElo "2818"]
[TimeControl "180+1"]
[EndTime "15:58:04 PDT"]
[Termination "KNVB won by resignation"]

1. d4 Nf6 2. Bf4 d5 3. e3 c5 4. c3 Nc6 5. Nd2 Bf5 6. Qb3 Qc8 7. Ngf3 c4 8. Qd1 e6 9. Nh4 Be4 10. f3 Bg6 11. e4 Nh5 12. Be3 Be7 13. Nxg6 hxg6 14.
Bf2 Qc7 15. g3 O-O-O 16. Bg2 f5 17. O-O dxe4 18. fxe4 f4 19. Qg4 Kb8 20. gxf4 Rdf8 21. Bg3 b5 22. e5 Rd8 23. Nf3 Rhf8 24. Qxe6 Nxf4 25. Bxf4 Rxf4 26. Nd2 Nxd4 27. cxd4 Rfxd4 28. Nf3 Rd3 29. Qxg6 Bc5+ 30. Kh1 Rh8 31. Qe4 Re3 32. Qf4 Qd7 33. Rae1 Rd3 34. e6+ Qd6 35. Qxd6+ Bxd6 36. h3 Kc7 37. Re2 Re8 38. Nh4 b4 39. Nf5 Bc5 40. Nxg7 Re7 41. Nf5 Re8 42. e7 c3 43. bxc3 bxc3 44.
Rc1 Kd7 45. Be4 Rxh3+ 46. Kg2 Rh6 47. Nxh6 Bxe7 48. Bf5+ Kd6 49. Nf7+ 1-0

[Event "Late-Titled-Tuesday-Blitz-April-23-2024"]
[Site "Chess.com"]
[Date "2024.04.23"]
[Round "10"]
[White "Slovineanu"]
[Black "SahibSinghKnight"]
[Result "1/2-1/2"]
[WhiteElo "2502"]
[BlackElo "2636"]
[TimeControl "180+1"]
[EndTime "15:58:04 PDT"]
[Termination "Game drawn by repetition"]

1. d4 d5 2. Nf3 e6 3. c4 Nf6 4. e3 b6 5. b3 Bb7 6. Bd3 Nbd7 7. O-O Bd6 8. Bb2 O-O 9. Nc3 Ne4 10.
Nb5 Be7 11. cxd5 exd5 12. Rc1 c6 13. Nc3 f5 14. Ne2 Bd6 15. Ne5 c5 16. Nf4 Qe7 17. Nxd7 Qxd7 18. dxc5 bxc5 19. Bxe4 fxe4 20. Nxd5 Bxh2+ 21. Kxh2 Bxd5 22. Kg1 Rfc8 23. Qh5 Qf7 24. Qg5 h6 25.
Qg3 c4 26. bxc4 Bxc4 27. Rfd1 Bxa2 28. Bd4 Bc4 29. Rc3 Rc6 30. Rdc1 Rac8 31. Qe5 Bd5 32. Rxc6 Bxc6 33. Rc5 Bb7 34. Rxc8+ Bxc8 35. Qb8 Qb7 36. Qxa7 Qxa7 37. Bxa7 Kf7 38. Bd4 Bb7 39. g3 g5 40.
Kg2 Kg6 41. g4 h5 42. gxh5+ Kxh5 43. Kg3 Bc8 44. Be5 Bg4 45. Bd4 Bf3 46. Be5 Kg6 47. Bd4 Kf5 48. Bc5 Ke6 49. Bd4 Kf5 50. Bc5 Kg6 51. Bb6 Kf5 52. Bc5 1/2-1/2

[Event "Late-Titled-Tuesday-Blitz-April-23-2024"]
[Site "Chess.com"]
[Date "2024.04.23"]
[Round "10"]
[White "Msb2"]
[Black "nihalsarin"]
[Result "1-0"]
[WhiteElo "3075"]
[BlackElo "3138"]
[TimeControl "180+1"]
[EndTime "15:58:08 PDT"]
[Termination "Msb2 won by resignation"]

1. d4 b5 2. e4 b4 3. Nf3 e6 4. Bd3 a5 5. O-O Ba6 6. Re1 Nf6 7. d5 Be7 8. c4 bxc3 9. Nxc3 Bxd3 10. Qxd3 Na6 11.
Bf4 O-O 12. Rad1 h6 13. h3 Re8 14. b3 Bb4 15. Bd2 Nc5 16. Qc2 d6 17. dxe6 Rxe6 18. e5 dxe5 19. a3 Qd3 20. Qxd3 Nxd3 21. axb4 axb4 22.
Na4 Nxe1 23. Bxe1 e4 24. Nd4 Rd6 25. Bxb4 Rd5 26. Nc3 Rg5 27. Nc6 Ra6 28. Ne7+ Kh7 29.
Ned5 c5 30. Bxc5 Nxd5 31. Rxd5 Rxd5 32. Nxd5 f6 33. b4 Ra1+ 34. Kh2 f5 35. b5 Rb1 36. b6 Rb5 37. Nc7 Rb3 38. Ne8 Rb5 39. Nd6 Rb3 40. b7 f4 41. Ba7 e3 42. fxe3 fxe3 43. Kg3 Rb1 44. b8=Q Rxb8 45. Bxb8 1-0

[Event "Late-Titled-Tuesday-Blitz-April-23-2024"]
[Site "Chess.com"]
[Date "2024.04.23"]
[Round "10"]
[White "PavlovDanila"]
[Black "DeTimmerman"]
[Result "0-1"]
[WhiteElo "2617"]
[BlackElo "2765"]
[TimeControl "180+1"]
[EndTime "15:58:09 PDT"]
[Termination "DeTimmerman won by checkmate"]

1. e4 e5 2. Nf3 Nc6 3. Bb5 f5 4.
Nc3 fxe4 5. Nxe4 d5 6. Nxe5 dxe4 7. Nxc6 Qg5 8. Qe2 Nf6 9. Nxa7+ Bd7 10. Bxd7+ Nxd7 11.
Nb5 O-O-O 12. d4 Qxg2 13. Rf1 c6 14. Bf4 cxb5 15. Qxb5 Qg6 16. Qa5 Bd6 17. Be3 Qg4 18. c4 Bc7 19. Qb5 Rhf8 20. a4 Rf5 21. c5 Rd5 22. b4 Ne5 23. f4 Nf3+ 24. Kf2 Qh4+ 25.
Ke2 Nxd4+ 26. Bxd4 Rxd4 27. Ra2 Qg4+ 28. Kf2 Rd3 29.
Qc4 Rf3+ 30. Ke1 Qh4+ 31. Raf2 e3 32. Qe4 Rxf2 33. Qe6+ Kb8 34. Qxe3 Rfd2+ 35. Rf2 Rd1+ 36. Ke2 R8d2+ 37. Kf3 Rd3 38. Re2 Rxe3+ 39. Rxe3 Qh3+ 40. Ke4 Qg4 41. Rf3 Re1+ 42. Kd4 Qxf3 43. b5 Qe4+ 44. Kc3 Ba5+ 45. Kb3 Re3+ 46. Kb2 Qg2+ 47. Kc1 Re1# 0-1

[Event "Late-Titled-Tuesday-Blitz-April-23-2024"]
[Site "Chess.com"]
[Date "2024.04.23"]
[Round "10"]
[White "malakismayil"]
[Black "wild3000"]
[Result "1-0"]
[WhiteElo "2573"]
[BlackElo "2420"]
[TimeControl "180+1"]
[EndTime "15:58:10 PDT"]
[Termination "malakismayil won on time"]

1. e4 a6 2. d4 e6 3. Nc3 b5 4. a3 Bb7 5. Be3 Nf6 6. f3 d6 7.
Qd2 c5 8. Rd1 cxd4 9. Bxd4 Nc6 10.
Be3 Be7 11. Bf4 O-O 12. Bxd6 Bxd6 13. Qxd6 Qb6 14. Qf4 Nd4 15. Bd3 Rad8 16. Nge2 b4 17. axb4 Qxb4 18. O-O Nxe2+ 19. Nxe2 Rfe8 20. b3 e5 21. Qe3 h5 22. Ng3 g6 23. Bc4 Kg7 24.
Qg5 Qc5+ 25. Kh1 Bc8 26. h3 Rxd1 27. Rxd1 Rh8 28. Qd2 h4 29. Nf1 Nh5 30. Qd5 Qxd5 31. Bxd5 Nf4 32. Ne3 Rd8 33. Bc4 Re8 34. Nd5 Ne6 35.
Kg1 Nd4 36. c3 Ne6 37. Nb6 Bb7 38. Bd5 Bxd5 39. exd5 Nf4 40. d6 Ne2+ 41. Kf2 Nxc3 42. Rc1 Nb5 43. d7 Re6 44. d8=Q Rxb6 45. Qxb6 Nd4 46.
Rc7 g5 47. Qb7 Kg6 48. Rxf7 Ne6 49. Qe7 1-0

[Event "Late-Titled-Tuesday-Blitz-April-23-2024"]
[Site "Chess.com"]
[Date "2024.04.23"]
[Round "10"]
[White "crosky"]
[Black "gorgeous1083"]
[Result "0-1"]
[WhiteElo "2332"]
[BlackElo "2117"]
[TimeControl "180+1"]
[EndTime "15:58:10 PDT"]
[Termination "gorgeous1083 won on time"]

1. d4 Nf6 2. Bg5 e6 3. Nd2 d5 4.
e3 Be7 5. Bd3 O-O 6. f4 Nbd7 7.
Ngf3 c5 8. c3 b6 9. Ne5 Bb7 10.
Qf3 cxd4 11. exd4 Ne8 12. h4 Nxe5 13. fxe5 f6 14. Qh5 g6 15. Bxg6 hxg6 16. Qxg6+ Ng7 17. Bh6 Rf7 18. Rh3 fxe5 19. Nf3 exd4 20. Ne5 Bxh4+ 21. g3 Qf6 22. Qxf7+ Qxf7 23. Nxf7 Bf6 24. Nd6 Ba6 25. cxd4 Bxd4 26. O-O-O Bf6 27. a4 Be5 28. Nb5 Rc8+ 29. Kb1 Rc4 30. b3 Rb4 31. Ka2 Bxb5 32. axb5 Nf5 33.
Bf4 Bxf4 34. gxf4 Rxb5 35. Rg1+ Kf7 36. Rh7+ Kf6 37. Rxa7 Rb4 38. Rg4 d4 39. Kb2 d3 40.
Kc3 Rd4 41. Rg5 d2 42. Ra1 d1=Q 43. Rxd1 Rxd1 44. Rg8 Rf1 45. Rf8+ Ke7 46. Kb4 Rxf4+ 0-1

[Event "Late-Titled-Tuesday-Blitz-April-23-2024"]
[Site "Chess.com"]
[Date "2024.04.23"]
[Round "10"]
[White "lamomiajunior"]
[Black "alexrustemov"]
[Result "0-1"]
[WhiteElo "2767"]
[BlackElo "2858"]
[TimeControl "180+1"]
[EndTime "15:58:11 PDT"]
[Termination "alexrustemov won by resignation"]

1. d4 d5 2. Nc3 Nf6 3. Bf4 c5 4. e3 cxd4 5. exd4 a6 6. Nf3 Nc6 7. Ne5 e6 8. Nxc6 bxc6 9. Na4 Bd6 10. Bxd6 Qxd6 11. Be2 O-O 12. O-O a5 13. c3 Ba6 14.
Bxa6 Rxa6 15. Nc5 Ra7 16. Qe2 Nd7 17. Nd3 c5 18. dxc5 Nxc5 19. Rfd1 Nxd3 20. Rxd3 Qc5 21.
Rad1 Rb8 22. b3 Rc7 23. Rg3 Rbc8 24. h3 h6 25. Qe5 Qf8 26. Rdd3 g6 27. Rdf3 Qg7 28.
Rf6 a4 29. h4 h5 30. Rgf3 a3 31. g3 Rb7 32. Qd6 Rbc7 33. Qe5 Rb7 34. Kg2 Rbc7 35. Qd6 Rxc3 36. Rxf7 Qxf7 37. Rxf7 Kxf7 38. Qxa3 R8c7 39. Qd6 R3c6 40. Qe5 Rd7 41. Qd4 e5 42. Qxe5 d4 43. Qb5 Rcc7 44. Qd3 Rc3 45. Qd2 Rcc7 46. Qf4+ Kg7 47.
Qd2 d3 48. b4 Rc2 49. Qd1 d2 50. Qxc2 d1=Q 51. Qb2+ Qd4 0-1

[Event "Late-Titled-Tuesday-Blitz-April-23-2024"]
[Site "Chess.com"]
[Date "2024.04.23"]
[Round "10"]
[White "DominguezOnYoutube"]
[Black "Hamisandwich"]
[Result "0-1"]
[WhiteElo "2950"]
[BlackElo "2782"]
[TimeControl "180+1"]
[EndTime "15:58:12 PDT"]
[Termination "Hamisandwich won by resignation"]

1. e4 e6 2. d4 d5 3. Nc3 Bb4 4. e5 c5 5. a3 Bxc3+ 6. bxc3 Qc7 7. Qg4 f6 8. Bb5+ Kf7 9. Nf3 h5 10. Qg3 Ne7 11. Bd3 c4 12. Be2 Nbc6 13. exf6 Qxg3 14. hxg3 gxf6 15. Bf4 Ng6 16. Be3 Bd7 17. O-O-O Nce7 18. Nh4 Nxh4 19. Rxh4 Nf5 20. Rxh5 Nxe3 21. fxe3 Rxh5 22.
Bxh5+ Ke7 23. Bf3 f5 24. g4 fxg4 25. Bxg4 Rh8 26. Rf1 Be8 27. e4 dxe4 28. Kd2 Rg8 29. Rf4 Bc6 30. Ke3 Bd5 31. Kf2 Rg5 32. g3 Bc6 33.
Ke3 Ra5 34. Kd2 Rxa3 35. Bh5 Ra1 36. Rf7+ Kd6 37. Rf2 Rg1 38. g4 a5 39. Ke3 a4 40.
Rd2 a3 41. Kf2 Rc1 42. g5 a2 43. g6 a1=Q 44. g7 Rf1+ 45. Kg3 Rg1+ 46. Rg2 Qe1+ 47. Kh2 Rxg2+ 48. Kxg2 Qd2+ 49. Kh3 Qg5 0-1

[Event "Late-Titled-Tuesday-Blitz-April-23-2024"]
[Site "Chess.com"]
[Date "2024.04.23"]
[Round "10"]
[White "MatthewG-p4p"]
[Black "RealPerangel"]
[Result "1-0"]
[WhiteElo "2915"]
[BlackElo "2733"]
[TimeControl "180+1"]
[EndTime "15:58:12 PDT"]
[Termination "MatthewG-p4p won by resignation"]

1. e4 d5 2. exd5 Qxd5 3. Nc3 Qa5 4. d4 Nf6 5. Nf3 Bg4 6. h3 Bxf3 7. Qxf3 c6 8. Bc4 Nbd7 9. O-O e6 10. Ne4 Nxe4 11. Qxe4 Nf6 12. Qf3 Bd6 13. c3 O-O 14. Re1 Rae8 15. Be3 e5 16. Qf5 Qc7 17. Bg5 Qd7 18.
Qxd7 Nxd7 19. Rad1 e4 20. Bb3 a6 21. c4 h6 22. Bd2 Nf6 23. Re2 Re7 24. Rde1 Rfe8 25. Bc2 b5 26. b3 g5 27. Bc3 b4 28. Bb2 Kg7 29. g4 h5 30. gxh5 Kh6 31. d5 Be5 32. Bxe5 Rxe5 33. dxc6 Kxh5 34. Bxe4 Nxe4 35. c7 f5 36. f3 Rc8 37. fxe4 f4 38. Rd2 Rxc7 39.
Rd5 Rce7 40. Rxe5 Rxe5 41. Kf2 Kh4 42. Kf3 Kh5 43. Rd1 Re7 44. Rd5 Kh4 45. c5 a5 46.
c6 Rc7 47. Rd6 Kh5 48. e5 a4 49. bxa4 Ra7 50. e6 Rxa4 51. c7 Ra3+ 52. Kf2 Rc3 53. e7 Rc2+ 54. Ke1 1-0

[Event "Late-Titled-Tuesday-Blitz-April-23-2024"]
[Site "Chess.com"]
[Date "2024.04.23"]
[Round "10"]
[White "Artem_Koval"]
[Black "Rodalquilar"]
[Result "0-1"]
[WhiteElo "2587"]
[BlackElo "2748"]
[TimeControl "180+1"]
[EndTime "15:58:15 PDT"]
[Termination "Rodalquilar won on time"]

1. d4 d5 2. Bf4 Nf6 3. e3 e6 4. Nf3 Bd6 5. Nbd2 O-O 6. Bd3 c5 7. Bxd6 Qxd6 8. c3 Nc6 9. dxc5 Qxc5 10. e4 dxe4 11. Nxe4 Nxe4 12. Bxe4 h6 13. O-O Rd8 14.
Qe2 Bd7 15. Rad1 Be8 16. Rxd8 Rxd8 17. Rd1 Rc8 18. h3 a6 19. Bb1 b5 20. Qe4 g6 21.
a3 Kg7 22. Nd4 Nxd4 23. Qxd4+ Qxd4 24. Rxd4 Kf6 25. f4 Ke7 26. Kf2 Rc5 27. Bd3 g5 28. g3 Bd7 29. Ke3 e5 30. Re4 f6 31. fxe5 fxe5 32. h4 Bf5 33. Rb4 Bd7 34. a4 a5 35. Rxb5 Bxb5 36. Bxb5 gxh4 37. gxh4 e4 38. Be2 Re5 39. b4 Kd6 40. h5 Ke6 41. bxa5 Rxa5 42.
Bb5 Ke5 43. c4 Ra7 44. c5 Rg7 45. c6 Rg3+ 46. Kd2 Kd4 47. c7 Rc3 48. a5 Rxc7 49. Ba6 Ra7 0-1

[Event "Late-Titled-Tuesday-Blitz-April-23-2024"]
[Site "Chess.com"]
[Date "2024.04.23"]
[Round "10"]
[White "Hikaru"]
[Black "Jospem"]
[Result "1-0"]
[WhiteElo "3319"]
[BlackElo "3103"]
[TimeControl "180+1"]
[EndTime "15:58:16 PDT"]
[Termination "Hikaru won by resignation"]

1. h4 d5 2. d4 Nf6 3. c4 e6 4. cxd5 exd5 5. Bf4 Bd6 6. Bxd6 Qxd6 7. Nc3 O-O 8. e3 Nbd7 9. Bd3 Re8 10. Rc1 a6 11. Nge2 Nf8 12. Qd2 b6 13. f3 Bb7 14. Kf2 c5 15. g4 Ne6 16. Bc2 g6 17. Ng3 Rad8 18.
g5 Nd7 19. Nce2 Rf8 20. f4 Rde8 21. h5 Re7 22. Rh3 Rfe8 23. hxg6 fxg6 24. Rch1 Ndf8 25. Nf1 Rf7 26. Kg1 Bc6 27. Nh2 cxd4 28. Ng4 dxe3 29. Nh6+ Kg7 30. Nxf7 Kxf7 31. Qd3 Nxf4 32. Rf3 Re4 33.
Nxf4 Rxf4 34. Qxe3 Rxf3 35. Qxf3+ Kg8 36. Rh2 Ne6 37.
Qf6 Qg3+ 38. Rg2 Qe1+ 39. Qf1 Qe5 40. Qe2 Qd4+ 41. Qf2 Qe5 42. Qg3 Nf4 43. Kh2 Qd4 44.
Rf2 Ne6 45. Bb3 Qc5 46. Qf3 Qd6+ 47. Kg1 Nxg5 48. Qg4 Ne4 49. Qxe4 Qg3+ 50. Qg2 Qe5 51. Qf3 Qd6 52. Qf7+ Kh8 53. Qf6+ 1-0

[Event "Late-Titled-Tuesday-Blitz-April-23-2024"]
[Site "Chess.com"]
[Date "2024.04.23"]
[Round "10"]
[White "venturov"]
[Black "KebabJangles"]
[Result "1/2-1/2"]
[WhiteElo "2518"]
[BlackElo "2282"]
[TimeControl "180+1"]
[EndTime "15:58:16 PDT"]
[Termination "Game drawn by repetition"]

1. e4 c5 2. Nf3 e6 3. d3 d5 4. Nbd2 Nc6 5. g3 Qc7 6. Bg2 Nf6 7. O-O Be7 8. Re1 O-O 9. Nf1 Rd8 10. e5 Nd7 11. Bf4 Nf8 12. h4 Ng6 13. h5 Nxf4 14.
gxf4 h6 15. Ng3 c4 16. d4 Bf8 17. c3 b5 18. Nh4 Be7 19. Qg4 Bxh4 20. Qxh4 Ne7 21. Bh3 Nf5 22. Bxf5 exf5 23. Kh2 Kh7 24. Rg1 Rg8 25. Nf1 Be6 26. Ne3 Qd8 27. Qh3 a5 28. Rg3 Qd7 29. Rag1 b4 30. Qg2 f6 31. Rg6 Bf7 32. Rxg7+ Kh8 33. exf6 Qd6 34. Qg3 Qxf6 35. Rxg8+ Rxg8 36. Qh3 Be6 37. Rxg8+ Kxg8 38. Kg3 b3 39. a3 Kf7 40. Qh4 Qxh4+ 41. Kxh4 Kf6 42. Kg3 Bf7 43. Kh4 Be6 44. Nf1 a4 45. Nd2 Ke7 46. Nf3 Kf6 47.
Ne5 Ke7 48. Nc6+ Kd6 49. Nb4 Bc8 50. Kg3 Be6 51. Na6 Bc8 52. Nc5 Ke7 53. Nxa4 Kd6 54. Nc5 Bd7 55. a4 Bc8 56. a5 Kc6 57. Kh4 Kb5 58. a6 Bxa6 59. Nd7 Bc8 60. Ne5 Be6 61. Ng6 Kc6 62. Nf8 Kd6 63. Ng6 Bf7 64. Ne5 Be8 65. Nf3 Ke7 66. Ne5 Kf6 67. Nf3 Ke6 68. Ne1 Kf6 69. Ng2 Ke6 70. Ne3 Bd7 71. Ng2 Kf6 72.
Ne1 Be8 73. Nf3 Bf7 74. Ne5 Be8 75. Nf3 1/2-1/2

[Event "Late-Titled-Tuesday-Blitz-April-23-2024"]
[Site "Chess.com"]
[Date "2024.04.23"]
[Round "10"]
[White "DamianoLew95"]
[Black "whiteglovethief"]
[Result "1-0"]
[WhiteElo "2759"]
[BlackElo "2605"]
[TimeControl "180+1"]
[EndTime "15:58:17 PDT"]
[Termination "DamianoLew95 won on time"]

1. e4 e6 2. Nf3 d5 3. exd5 exd5 4. d4 Bd6 5. c4 Nf6 6. Nc3 O-O 7.
h3 h6 8. Be3 Nc6 9. Rc1 dxc4 10. Bxc4 Bf5 11. O-O a6 12. a3 Ne4 13. Re1 Nxc3 14.
Rxc3 Qd7 15. Bd5 Bh2+ 16. Nxh2 Qxd5 17. Rc5 Qd7 18. d5 Ne5 19. Rc3 Rfe8 20. Bf4 Nd3 21.
Rxe8+ Rxe8 22. Rxd3 Bxd3 23. Qxd3 Re1+ 24. Nf1 g5 25.
Bd2 Rd1 26. Qe2 Rb1 27. Qe4 Rxb2 28. Bc3 Rb5 29. Qe5 Kf8 30. Qg7+ Ke8 31. Qh8+ Ke7 32. Bb4+ Rxb4 33. axb4 Qxd5 34. Qxh6 c5 35. Ne3 Qe5 36. Qb6 cxb4 37. Qxb7+ Kf8 38. Qxb4+ Kg8 39. Qa4 a5 40. g3 Qc5 41. Nc4 Kg7 42. Nxa5 f6 43. Nc4 Qd4 44.
Qb3 Kh6 45. Ne3 Qe4 46. Qc2 Qf3 47. Nf5+ Kh5 48. g4+ Kg6 49. Nh4+ 1-0

[Event "Late-Titled-Tuesday-Blitz-April-23-2024"]
[Site "Chess.com"]
[Date "2024.04.23"]
[Round "10"]
[White "LUISMIGUELOV"]
[Black "dolynachess"]
[Result "0-1"]
[WhiteElo "2237"]
[BlackElo "2533"]
[TimeControl "180+1"]
[EndTime "15:58:17 PDT"]
[Termination "dolynachess won on time"]

1. e4 c5 2. d4 cxd4 3. c3 d3 4. Bxd3 d6 5. Nf3 Nf6 6. Bg5 Nbd7 7. O-O g6 8. Qc1 h6 9. Bf4 Nc5 10. Bb5+ Bd7 11. Bxd7+ Ncxd7 12. e5 dxe5 13. Nxe5 Nxe5 14. Bxe5 Bg7 15. Qf4 O-O 16. Na3 Rc8 17. Rad1 Qa5 18. Rfe1 Rfd8 19. Rxd8+ Rxd8 20. h3 Nh5 21. Qe4 Qxe5 22.
Qxe5 Bxe5 23. Rxe5 Rd1+ 24. Kh2 Rd2 25. Nc4 Rxf2 26.
Rxe7 b5 27. Nd6 a6 28. a4 bxa4 29. Ra7 Rxb2 30. Nxf7 a3 31. Nxh6+ Kf8 32. Rxa6 a2 33. Ng4 Nf4 34. Ne3 g5 35. c4 Nd3 36. Nd5 Rc2 37. Ra3 Nf4 38. Nxf4 gxf4 39. c5 Ke8 40.
h4 f3 41. h5 f2 42. Re3+ Kd7 43. Rd3+ Kc6 44. Rd1 Re2 45. h6 Re1 46. h7 Rxd1 47. h8=Q a1=Q 48. Qc8+ Kb5 49. Qe8+ Kb4 50. Qe4+ Qd4 51.
Qb7+ Kc3 0-1

[Event "Late-Titled-Tuesday-Blitz-April-23-2024"]
[Site "Chess.com"]
[Date "2024.04.23"]
[Round "10"]
[White "DanielNaroditsky"]
[Black "bascheyaro"]
[Result "0-1"]
[WhiteElo "2962"]
[BlackElo "2846"]
[TimeControl "180+1"]
[EndTime "15:58:19 PDT"]
[Termination "bascheyaro won by resignation"]

1. e4 e6 2. d4 d5 3. e5 c5 4.
Nf3 Qb6 5. Bd3 Bd7 6. dxc5 Bxc5 7. O-O Bb5 8. Nc3 Bxd3 9. cxd3 Nc6 10. Na4 Qb5 11.
Nxc5 Qxc5 12. Be3 d4 13. Nxd4 Nxd4 14. Qg4 Ne7 15. Bxd4 Qd5 16. Rac1 O-O 17. Bc5 Rfe8 18. Bxe7 Rxe7 19. Qb4 Rd7 20. Qa4 b5 21. Qa6 g6 22. d4 Rad8 23. Rcd1 Qc4 24. b3 Qb4 25. h3 Kg7 26. Rd3 Rxd4 27. Rxd4 Qxd4 28. Qxb5 Rd5 29. Qa6 Rxe5 30. Rc1 Qb2 31. Rd1 Qc2 32. Rf1 Qc5 33. Qd3 Rd5 34. Qe2 Qd6 35. Qb2+ e5 36. Re1 Rd2 37. Qc3 Rxa2 38. Qxe5+ Qxe5 39. Rxe5 Rb2 40. Rb5 a6 41. Rb6 Rb1+ 42. Kh2 Rb2 43. Kg3 a5 44. Rb5 h5 45. h4 Rb1 46. Kf3 Rb2 47. g3 Kf6 48.
Ke3 Kg7 49. f3 Kf6 50. Kd3 Kg7 51. Ke4 Ra2 52. Kf4 a4 53. b4 Rb2 54. Rb6 a3 55. b5 Rb4+ 56. Ke3 Ra4 57. Rc6 a2 58. Rc1 a1=Q 59.
Rxa1 Rxa1 60. Kd4 Rb1 61. Kc5 Kf6 62. b6 Ke5 63. Kc6 Kd4 64. b7 Ke3 65. f4 Kf3 66. f5 gxf5 67. Kd5 Rxb7 68. Ke5 Kxg3 69. Kf6 Rb5 70.
Kg5 f4+ 0-1